 Dungeon Crawl Stone Soup version 0.23.2 (webtiles) character file.

Game seed: 11090155646530846289

1041 teukkam the Covered (level 8, -1/71 HPs)
             Began as a Minotaur Fighter on Apr 5, 2019.
             Slain by an orc warrior
             ... wielding a +0 scimitar of slicing
              (2 damage)
             ... on level 6 of the Dungeon on Apr 8, 2019.
             The game lasted 00:09:17 (2687 turns).

teukkam the Covered (Minotaur Fighter)              Turns: 2687, Time: 00:09:18

Health: -1/71      AC: 10    Str: 23    XL:     8   Next: 4%
Magic:  7/7        EV:  8    Int:  5    God:
Gold:   278        SH: 11    Dex: 10    Spells: 7/7 levels left

rFire    . . .     SeeInvis .   b - +0 war axe
rCold    . . .     Gourm    +   c - +1 shield
rNeg     . . .     Faith    .   p - +0 chain mail
rPois    .         Spirit   .   (helmet restricted)
rElec    .         Reflect  .   (no cloak)
rCorr    .         Harm     .   (no gloves)
MR       .....                  (no boots)
Stlth    ..........             g - amulet of the gourmand
HPRegen  0.21/turn              q - +2 ring of evasion
MPRegen  0.10/turn              (no ring)

@: no status effects
A: retaliatory headbutt, horns 2
a: no special abilities


You were on level 6 of the Dungeon.
You were not hungry.

You visited 1 branch of the dungeon, and saw 6 of its levels.

You collected 278 gold pieces.

Inventory:

Hand Weapons
 a - a +2 dagger of draining
 b - a +0 war axe (weapon)
Missiles
 m - 56 stones (quivered)
 u - 25 poisoned needles
Armour
 c - a +1 shield (worn)
 p - a +0 chain mail (worn)
Jewellery
 g - an amulet of the gourmand (around neck)
 h - an uncursed ring of fire
 q - a +2 ring of evasion (left hand)
Wands
 d - a wand of scattershot (5)
Scrolls
 i - 4 scrolls of remove curse
 j - a scroll of magic mapping
 o - a scroll of blinking {unknown}
 r - a scroll of identify
 s - a scroll of amnesia {unknown}
Potions
 e - a potion of curing {unknown}
 k - a potion of mutation {unknown}
 l - a potion of cancellation {unknown}
 n - a potion of degeneration {unknown}
 t - a potion of brilliance {unknown}
Comestibles
 f - 3 rations
 v - 5 chunks of flesh


   Skills:
 + Level 6.6 Fighting
 + Level 4.7 Short Blades
 - Level 2.7 Axes
 + Level 6.7 Armour
 + Level 6.6 Shields


You had 7 spell levels left.
You didn't know any spells.
Your spell library was empty.

Dungeon Overview and Level Annotations

Branches:
Dungeon (6/15)             Temple (0/1) D:6

Altars:


Innate Abilities, Weirdness & Mutations

You reflexively headbutt those who attack you in melee.
You have a pair of horns on your head.


Message History

You hit the orc warrior but do no damage.
The orc wizard barely misses you. You furiously retaliate!
You headbutt the orc wizard!
You kill the orc wizard!
You block the orc warrior's attack.
You hit the orc warrior but do no damage.
The orc warrior is severely wounded.
The iguana hisses menacingly.
Evoke which item? (* to show all) (? for menu, Esc to quit)
Aiming: Scattershot
Press: ? - help, Shift-Dir - straight line, f/p - orc warrior
Aim: an orc warrior, wielding a +0 scimitar of slicing and wearing a +0 plate armour (heavily wounded)
The burst of metal fragments hits the orc warrior but does no damage.
The burst of metal fragments hits the orc warrior!
The burst of metal fragments hits the orc warrior but does no damage. x2
The orc warrior is almost dead.
You hear a shout!
The orc warrior hits you with a +0 scimitar of slicing!
* * * LOW HITPOINT WARNING * * *
You die...

#r###...###....##..# #..
.o.#.)..#.##..### ...
..#...o)........
....o.)).#)..#..###
#.#......#.l.#..###########
#...#######...........#<..#
... ##.o...####.....# ..
##o...# ###...# . #.@.###
#...# #...# #...# .....#
#...# ###...# ##### #.(.#
#...# #...# #####


You could see 2 orc warriors, an iguana and an orc.

Vanquished Creatures
  3 ogres
  A centaur (D:5)
  A bullfrog (D:4)
  2 scorpions
  A howler monkey (D:5)
  A crimson imp (D:5)
  A hound (D:6)
  A jelly (D:6)
  A bullfrog skeleton (D:5)
  2 orc priests (D:5)
  3 orc wizards
  5 worker ants
  An iguana (D:4)
  A hound skeleton (D:5)
  A howler monkey zombie (D:5)
  An adder (D:2)
  An adder skeleton (D:4)
  A worm (D:4)
  2 leopard geckos
  12 orcs
  2 ball pythons (D:4)
  2 giant cockroaches
  4 goblins
  4 quokkas
  2 bats (D:1)
  6 frilled lizards
  A jackal skeleton (D:4)
  A jackal zombie (D:5)
  6 kobolds
  2 rats
72 creatures vanquished.

Notes
Turn   | Place    | Note
-------+----------+-------------------------------------------
     0 | D:1      | teukkam the Minotaur Fighter began the quest for the Orb.
     0 | D:1      | Reached XP level 1. HP: 19/19 MP: 0/0
    82 | D:1      | Reached XP level 2. HP: 20/27 MP: 1/1
   271 | D:3      | Reached XP level 3. HP: 29/33 MP: 2/2
   357 | D:4      | Noticed a bullfrog
   368 | D:4      | Killed a bullfrog
   368 | D:4      | Reached skill level 1 in Short Blades
   368 | D:4      | Reached XP level 4. HP: 20/41 MP: 3/3
   598 | D:4      | Noticed an ogre
   609 | D:4      | Killed an ogre
   609 | D:4      | Reached XP level 5. HP: 47/47 MP: 4/4
   620 | D:4      | Reached skill level 5 in Fighting
   620 | D:4      | Reached skill level 5 in Armour
   620 | D:4      | Reached skill level 5 in Shields
   847 | D:4      | Noticed an ogre
   864 | D:4      | Killed an ogre
   864 | D:4      | Reached XP level 6. HP: 6/56 MP: 5/5
  1245 | D:5      | Entered Level 5 of the Dungeon
  1483 | D:5      | Reached XP level 7. HP: 52/62 MP: 6/6
  2654 | D:6      | Reached XP level 8. HP: 71/71 MP: 7/7
  2661 | D:6      | Found a staircase to the Ecumenical Temple.
  2687 | D:6      | HP: 1/71 [orc warrior/+0 scimitar of slicing (9)]
  2687 | D:6      | Slain by an orc warrior

Skill      XL: |  1  2  3  4  5  6  7 |
---------------+----------------------+-----
Fighting       | 4 5 6 |  6.6
Armour         | 4 5 6 |  6.7
Shields        | 4 5 6 |  6.6
Short Blades   | 1 2 3 4 |  4.7
Axes           | |  2.7

Action                   |  1- 3 |  4- 6 |  7- 9 || total
-------------------------+-------+-------+-------++-------
Melee: War axe           |    62 |    47 |   109 ||   218
       Headbutt          |    10 |     9 |    19 ||    38
       Dagger            |     3 |       |       ||     3
Throw: Stone             |       |       |     5 ||     5
Evoke: Wand              |       |       |     3 ||     3
  Use: Scroll            |       |     5 |       ||     5
       Potion            |       |     2 |       ||     2
  Eat: Chunk             |       |     2 |     2 ||     4
       Ration            |       |     1 |       ||     1
Armor: Scale mail        |    42 |    18 |       ||    60
       Chain mail        |       |       |    37 ||    37
Dodge: Dodged            |    25 |    11 |    28 ||    64
Block: Shield            |    37 |    29 |    77 ||   143
